 Dungeon Crawl Stone Soup version 0.18.1-6-gd335043 (webtiles) character file.

30 Medar the Chopper (level 3, -2/26 HPs)
             Began as a Hill Orc Air Elementalist on May 20, 2016.
             Killed from afar by Natasha (6 damage)
             ... with a magic dart
             ... on level 2 of the Dungeon.
             The game lasted 00:04:47 (2285 turns).

Medar the Chopper (Hill Orc Air Elementalist)       Turns: 2285, Time: 00:04:48

Health: -2/26      AC:  2    Str: 11    XL:     3   Next: 20%
Magic:  2/5        EV: 11    Int: 15    God:
Gold:   130        SH:  5    Dex: 11    Spells: 3 memorised, 0 levels left

rFire  . . .     SeeInvis .     a - +0 hand axe
rCold  . . .     Gourm    .     e - +0 robe
rNeg   . . .     Faith    .     d - +2 buckler
rPois  .         Spirit   .     (no helmet)
rElec  .         Dismiss  .     (no cloak)
rCorr  .         Reflect  .     (no gloves)
SustAt .         Harm     .     (no boots)
MR     .....                    (no amulet)
Stlth  ++........               (no ring)
                                (no ring)

@: very slightly contaminated, repel missiles, not resistant to hostile
enchantments, unstealthy
A: no striking features
a: no special abilities


You were on level 2 of the Dungeon.
You were not hungry.

You visited 1 branch of the dungeon, and saw 2 of its levels.

You collected 130 gold pieces.

Inventory:

Hand Weapons
 a - a +0 hand axe (weapon)
Armour
 d - a +2 buckler (worn)
 e - a +0 robe (worn)
Books
 b - a book of Air

   Spells                             Type                      Level
   a - Shock                          Conjuration/Air              1
   b - Swiftness                      Charms/Air                   2
   c - Repel Missiles                 Charms/Air                   2
   d - Static Discharge               Conjuration/Air              3
   e - Lightning Bolt                 Conjuration/Air              5
Comestibles
 c - a bread ration {@e1}
 f - 3 fruits {@e3}
 g - 2 chunks of flesh


   Skills:
 - Level 0.2 Fighting
 - Level 3.3 Axes
 - Level 1.5 Dodging
 - Level 1.5 Stealth
 + Level 0.7 Shields
 - Level 1.5 Spellcasting
 - Level 1.0 Conjurations
 - Level 2.4 Air Magic


You couldn't memorise any spells.
You knew the following spells:

 Your Spells              Type           Power        Failure   Level  Hunger
e - Swiftness             Chrm/Air       #.......     34%         2    ###....
r - Repel Missiles        Chrm/Air       #.....       34%         2    ###....
x - Shock                 Conj/Air       #...         17%         1    ##.....


Dungeon Overview and Level Annotations

Branches:
Dungeon (2/15)

Altars:
Gozag
Sif Muna

Annotations:
D:2 exclusion: 2 adders, Natasha


Message History

Read which item? (? for menu, Esc to quit)
As you read the scroll labeled DEOPEU TUAFAGO, it crumbles to dust.
It is a scroll of recharging.
You aren't carrying any rechargeable items.
Natasha casts a spell.
Casting: Shock
Confirm with . or Enter, or press ? or * to list all spells.
Aiming: Shock
Press: ? - help, Shift-Dir - straight line, f - Natasha
Aim: Natasha (lightly wounded)
Okay, then.
You barely miss Natasha.
Natasha is lightly wounded.
Natasha claws you!
* * * LOW HITPOINT WARNING * * *
Your shield prevents you from hitting Natasha.
Natasha is lightly wounded.
Natasha stares at you and mumbles some strange words.
The magic dart hits you!
You die...

#.#.#.# #8###8#
#...#.###8...8...8
#.###..##.........
#......#_.........
#.#######.........
#.# ##8...8...8
#.# ##8###8## #@#
# ## #h# #5....(..
#.#...### #.##.##
#.# ## #.# #.#


You could see Natasha and a white imp.

Vanquished Creatures
  An ooze (D:1)
  A worm (D:2)
  A ball python (D:2)
  A giant cockroach (D:1)
  6 goblins
  2 hobgoblins (D:2)
  3 kobolds
  A bat (D:2)
  A giant newt (D:1)
  7 rats
24 creatures vanquished.

Notes
Turn   | Place    | Note
--------------------------------------------------------------
     0 | D:1      | Medar the Hill Orc Air Elementalist began the quest for the Orb.
     0 | D:1      | Reached XP level 1. HP: 14/14 MP: 3/3
   102 | D:1      | Reached skill level 1 in Axes
   397 | D:1      | Reached skill level 2 in Axes
   397 | D:1      | Reached XP level 2. HP: 20/20 MP: 2/4
   447 | D:1      | Learned a level 2 spell: Repel Missiles
  1094 | D:2      | Reached skill level 3 in Axes
  1107 | D:2      | Found an opulent altar of Gozag.
  1364 | D:2      | Reached XP level 3. HP: 17/26 MP: 1/5
  1560 | D:2      | Learned a level 2 spell: Swiftness
  2268 | D:2      | Found a deep blue altar of Sif Muna.
  2278 | D:2      | Noticed Natasha
  2285 | D:2      | Killed from afar by Natasha

Skill      XL: |  1  2 |
---------------+-------+-----
Axes           | 2 3 |  3.3
Fighting       | |  0.2
Dodging        | |  1.5
Stealth        | |  1.5
Shields        | |  0.7
Spellcasting   | |  1.5
Conjurations   | |  1.0
Air Magic      | |  2.4

Action                   || total
-------------------------++-------
Melee: Hand axe          ||    23
 Cast: Shock             ||    56
       Repel Missiles    ||     1
  Use: Scroll            ||     1
  Eat: Chunk             ||     4
       Royal jelly       ||     1
Armor: Robe              ||     4
Dodge: Dodged            ||     6
